 Dungeon Crawl Stone Soup version 0.23.2-40-g277498a001 (webtiles) character file.

Game seed: 2487050557547033605

94 Descartes the Insei (level 4, 0/22 HPs)
             Began as a Vine Stalker Transmuter on Oct 13, 2019.
             Succumbed to a kobold's poison
             ... on level 2 of the Dungeon.
             The game lasted 00:03:48 (1708 turns).

Descartes the Insei (Vine Stalker Transmuter)       Turns: 1708, Time: 00:03:48

Health: 0/22       AC:  9    Str: 18    XL:     4   Next: 63%
Magic:  8/8        EV: 17    Int: 18    God:
Gold:   50         SH:  4    Dex: 20    Spells: 6/7 levels left

rFire    . . .     SeeInvis .     - Unarmed
rCold    . . .     Gourm    .   m - +0 buckler
rNeg     + . .     Faith    .   j - +0 leather armour
rPois    .         Spirit   +   (no helmet)
rElec    .         Reflect  .   (no cloak)
rCorr    .         Harm     .   (no gloves)
MR       .....                  (no boots)
Stlth    +++.......             (no amulet)
HPRegen  0.47/turn              h - ring of positive energy
MPRegen  0.11/turn              i - +6 ring of protection

@: mighty, brilliant, agile, lethally poisoned (0 -> -1), hasted, very quick
A: fangs 2, regeneration 1, magic shield, antimagic bite, no potion heal 3, rot
immunity
a: no special abilities


You were on level 2 of the Dungeon.
You were not hungry.

You visited 1 branch of the dungeon, and saw 3 of its levels.

You collected 50 gold pieces.

Inventory:

Missiles
 a - 45 arrows
 k - 6 javelins (quivered)
 l - 132 stones
 q - 17 sling bullets
 u - 31 bolts
Armour
 b - a +0 robe
 j - a +0 leather armour (worn)
 m - a +0 buckler (worn)
Jewellery
 h - a ring of positive energy (left hand)
 i - a +6 ring of protection (right hand)
Scrolls
 c - a scroll of remove curse {unknown}
 e - 2 scrolls of amnesia {unknown}
 f - a scroll of teleportation {unknown}
 o - a scroll of identify {unknown}
 w - a scroll of noise {unknown}
Potions
 g - a potion of curing {unknown}
 n - a potion of brilliance
 p - a potion of mutation {unknown}
 t - a potion of haste
Comestibles
 d - 4 rations
 v - 4 chunks of flesh


   Skills:
 + Level 1.0 Fighting
 + Level 0.7 Armour
 + Level 2.1 Dodging
 + Level 0.3 Stealth
 + Level 0.1 Shields
 + Level 4.2 Unarmed Combat
 + Level 2.3 Spellcasting
 + Level 2.4 Transmutations


You had 6 spell levels left.
You knew the following spells:

 Your Spells              Type           Power        Failure   Level  Hunger
a - Beastly Appendage     Tmut           ###...       1%          1    #......

Your spell library contained the following spells:

 Spells                   Type           Power        Failure   Level  Hunger
 Sticks to Snakes         Tmut           ###.....     2%          2    ##.....
 Spider Form              Tmut/Pois      ###.......   8%          3    ###....
 Ice Form                 Ice/Tmut       ###.....     22%         4    #####..
 Blade Hands              Tmut           ###.......   32%         5    ######.


Dungeon Overview and Level Annotations

Branches:
Dungeon (3/15)

Altars:
Fedhas
Nemelex Xobeh
Zin


Innate Abilities, Weirdness & Mutations

You have extremely sharp teeth.
Your natural rate of healing is unusually fast.
When hurt, damage is shared between your health and your magic reserves.
Your bite disrupts and absorbs the magic of your enemies.
Potions cannot restore your health.
You are immune to rotting.


Message History

You feel sick.
There is a stone staircase leading up here.
* * * LOW HITPOINT WARNING * * *
You feel sick.
You climb upwards.
* * * LOW HITPOINT WARNING * * *
You feel sick.
There is a stone staircase leading down here.
It was a potion of brilliance.
You feel clever all of a sudden.
* * * LOW HITPOINT WARNING * * *
You feel sick.
It was a potion of haste.
You feel yourself speed up.
* * * LOW HITPOINT WARNING * * *
You feel sick.
It was a potion of might.
You feel very mighty all of a sudden.
It was a potion of agility.
You feel agile all of a sudden.
You die...

#.##.##.#.....# ##...##
#.......#.....#
#########
#.#######..[..# #......#
#.# ###.### #.####.# #.#
#.#####.####.# #.#
####.#..........#
#.######.......##...##.#
#.##........#..##...##.#
#.##.##......@..#......#
#
#.##.##..#..#.......####
#### #
#...)....#..#..###.##
#...
#######.###...........#
#.#.
...####.#####..########
####.#.
...)..#.........#
####......
##.....######...#
#.......## ##.###.#
#...# #.##.##.## ##.#
#.# #...######
#.##.#....


There were no monsters in sight!

Vanquished Creatures
  5 adders
  A worm (D:3)
  2 dart slugs
  A leopard gecko (D:1)
  4 giant cockroaches
  4 hobgoblins
  2 jackals (D:2)
  A quokka (D:2)
  A ball python (D:1)
  4 bats
  3 frilled lizards
  6 goblins
  3 kobolds
  7 rats
44 creatures vanquished.

Notes
Turn   | Place    | Note
-------+----------+-------------------------------------------
     0 | D:1      | Descartes the Vine Stalker Transmuter began the quest for
                  | the Orb.
     0 | D:1      | Reached XP level 1. HP: 9/9 MP: 4/4
   206 | D:1      | Reached XP level 2. HP: 14/14 MP: 6/6
   589 | D:2      | Found a blossoming altar of Fedhas.
   637 | D:2      | Reached XP level 3. HP: 13/17 MP: 7/7
   687 | D:2      | Reached skill level 1 in Fighting
   851 | D:2      | Found a sparkling altar of Nemelex Xobeh.
  1446 | D:2      | Reached skill level 4 in Unarmed Combat
  1446 | D:2      | Gained mutation: Your natural rate of healing is unusually
                  | fast. [Vine Stalker growth]
  1446 | D:2      | Reached XP level 4. HP: 22/22 MP: 8/8
  1504 | D:2      | Found a glowing silver altar of Zin.
  1705 | D:2      | HP: 1/22 [poisoned by a kobold]
  1708 | D:2      | Succumbed to a kobold's poison

Skill      XL: |  1  2  3  4 |
---------------+-------------+-----
Fighting       | 1 |  1.0
Unarmed Combat | 4 |  4.2
Dodging        | 2 |  2.1
Armour         | |  0.7
Stealth        | |  0.3
Shields        | |  0.1
Spellcasting   | |  2.3
Transmutations | |  2.4

Action                   |  1- 3 |  4- 6 || total
-------------------------+-------+-------++-------
Melee: Unarmed           |   102 |    58 ||   160
       Bite              |    23 |    14 ||    37
       Punch             |     1 |       ||     1
  Use: Potion            |       |     4 ||     4
 Stab: Sleeping          |     2 |       ||     2
  Eat: Chunk             |     2 |     1 ||     3
Armor: Leather armour    |    34 |    28 ||    62
       Robe              |     1 |       ||     1
Dodge: Dodged            |    61 |    31 ||    92
Block: Buckler           |    12 |     5 ||    17
